 Dungeon Crawl Stone Soup version 0.31-a0-360-gb3e1d13bf4 (webtiles) character file.

Game seed: 16253268892521573621

78 brand the Trooper (level 4, -15/40 HPs)
             Began as a Hill Orc Fighter on July 26, 2023.
             Demolished by an ogre
             ... wielding a +0 giant club
              (21 damage)
             ... on level 4 of the Dungeon.
             The game lasted 00:07:21 (910 turns).

brand the Trooper (Hill Orc Fighter)                 Turns: 910, Time: 00:07:22

Health: -15/40     AC:  7    Str: 20    XL:     4   Next: 36%
Magic:  4/4        EV:  9    Int:  8    God:
Gold:   83         SH:  4    Dex: 10    Spells: 3/3 levels left

rFire   . . .        a - +0 war axe
rCold   . . .        c - +0 buckler
rNeg    . . .        b - +0 scale mail
rPois   .            (no helmet)
rElec   .            (no cloak)
rCorr   .            (no gloves)
SInv    .            (no boots)
Will    .....        (no amulet) Stlth
                     (no ring)
HPRegen 0.26/turn    (no ring)
MPRegen 0.09/turn

%: no passive effects
@: lethally poisoned (-15 -> -16)
A: no striking features
a: Convert to Beogh


You were on level 4 of the Dungeon.
You visited 1 branch of the dungeon, and saw 4 of its levels.

You collected 83 gold pieces.

Inventory:

Hand Weapons
 a - a +0 war axe (weapon)
 f - a +0 short sword
Missiles
 k - 12 stones
Armour
 b - a +0 scale mail (worn)
 c - a +0 buckler (worn)
Jewellery
 o - an amulet of reflection
Wands
 p - a wand of iceblast (8)
Scrolls
 g - a scroll of enchant armour {unknown}
 h - 2 scrolls of amnesia {unknown}
 j - 3 scrolls of identify {unknown}
 l - a scroll of immolation {unknown}
 n - a scroll of torment {unknown}
Potions
 d - a potion of might
 e - a potion of brilliance {unknown}
 i - a potion of curing {unknown}
 m - a potion of ambrosia {unknown}


   Skills:
 + Level 4.1 Fighting
 + Level 4.1 Axes
 + Level 3.9 Armour
 + Level 0.7 Dodging
 + Level 3.6 Shields


You had 3 spell levels left.
You didn't know any spells.
Your spell library contained the following spells:

 Spells                   Type           Power      Damage    Failure   Level
 Poisonous Vapours        Pois/Air       0%         N/A       92%         2
 Dazzling Flash           Conj/Hex       0%         N/A       99%         3
 Mephitic Cloud           Conj/Pois/Air  0%         N/A       99%         3
 Volatile Blastmotes      Fire/Tloc      0%         2d10      99%         3
 Freezing Cloud           Conj/Ice/Air   0%         6-21      100%        5
 Starburst                Conj/Fire      0%         6d3       100%        6
 Maxwell's Capacitive Co  Air            0%         ∞         100%        8


Dungeon Overview and Level Annotations

Branches:
Dungeon (4/15)
 Temple: D:4-7

Altars:
Nemelex Xobeh

Annotations:
D:4 3 runed translucent doors, Stick's ghost, weakling GnWn


Message History

The ogre barely misses you.
You hit the ogre but do no damage.
The ogre is lightly wounded.
The ogre closely misses you.
You hit the ogre.
The ogre is lightly wounded.
You hit the orc but do no damage.
An orc comes into view. It is wielding a +0 club.
The orc hits you but does no damage. The ogre hits you with a +0 giant club!
The adder bites you but does no damage.
You barely miss the ogre.
The ogre is lightly wounded.
You barely miss the adder. You slash the orc!
You kill the orc!
The adder bites you.
You are poisoned.
The adder poisons you! The ogre barely misses you.
You hit the ogre.
The ogre is moderately wounded.
You barely miss the adder. You barely miss the orc.
You feel sick. The adder bites you but does no damage. The adder bites you.
The orc hits you with a +0 flail.
* * * LOW HITPOINT WARNING * * *
The ogre hits you with a +0 giant club.
* * * LOW HITPOINT WARNING * * *
You slash the ogre!
The ogre is almost dead.
You miss the adder. You slash the orc!
You kill the orc!
You feel sick. The adder closely misses you.
An orc priest comes into view. It is wielding a +0 trident.
The adder bites you but does no damage.
A hobgoblin comes into view.
You feel sick.
The hobgoblin shouts!
The orc priest shouts, "Join the one true god or die!" (press Y on the ability menu to convert to Beogh)
The ogre hits you with a +0 giant club!!
Ouch! That really hurt!
You die...

##### ######## #...#
###.......
#...###...#####.
#...##..###.W.##
##...##.##.Z.....
########....##.#?..###.Z
...............#..# #.
#..=......#..# ##
#S@O...##.##Z#...?#
#......##..#ZZ.=.)#
..o......##..#Z....##
...o.........##.....#.
..#.........##.#.....##.
....##.#....#..#.Z.###..
..#. ^.........##.......
g.. .. #....... ...Z.#
#....# #####


You could see an ogre, an orc priest, an adder, an orc and a hobgoblin.

Vanquished Creatures
  A jelly (D:4)
  2 adders
  A dart slug (D:2)
  5 orcs
  2 bats (D:2)
  4 endoplasms
  A giant cockroach (D:4)
  A hobgoblin (D:3)
  A quokka (D:1)
  A ball python (D:2)
  A frilled lizard (D:2)
  2 kobolds
  5 rats
27 creatures vanquished.

Notes
Turn   | Place    | Note
-------+----------+-------------------------------------------
     0 | D:1      | brand the Hill Orc Fighter began the quest for the Orb.
     0 | D:1      | Reached XP level 1. HP: 19/19 MP: 1/1
    14 | D:1      | Found a faded altar of an unknown god.
   201 | D:2      | Reached XP level 2. HP: 10/27 MP: 2/2
   374 | D:2      | Found a sparkling altar of Nemelex Xobeh.
   564 | D:3      | Reached XP level 3. HP: 9/33 MP: 3/3
   784 | D:4      | Reached XP level 4. HP: 5/40 MP: 4/4
   838 | D:4      | Found a runed translucent gate.
   838 | D:4      | Found a runed translucent gate.
   838 | D:4      | Found a runed translucent gate.
   870 | D:4      | Noticed Stick's ghost (weakling GnWn)
   897 | D:4      | Noticed an ogre
   910 | D:4      | Demolished by an ogre

Illustrated notes

Levels and vault maps discovered:
D:1:      dpeg_arrival_pond, layout_basic, dreamdust_ecumenical_altar_statues
D:2:      cheibrodos_fertilizer, layout_rooms, basic_altar
D:3:      kennysheep_goblin_castle, layout_basic
D:4:      layout_rooms, minmay_temple_entry_statues_fountains,
          gammafunk_ghost_icy, hex_tiny

Skill      XL: |  1  2  3 |
---------------+----------+-----
Axes           | 3 4 |  4.1
Fighting       | 4 |  4.1
Armour         | |  3.9
Dodging        | |  0.7
Shields        | |  3.6

Action                     |  1- 3 |  4- 6 || total
---------------------------+-------+-------++-------
  Melee: Short sword       |    13 |       ||    13
         War axe           |    61 |     9 ||    70
 Armour: Scale mail        |    42 |     5 ||    47
  Dodge: Dodged            |    50 |     5 ||    55
  Block: Buckler           |    24 |       ||    24

Table legend: (Time is in decaauts)
 A = Elapsed time spent in this place.
 B = Non-inter-level travel time spent in this place.
 C = Inter-level travel time spent in this place.
 D = Time resting spent in this place.
 E = Time spent auto-exploring this place.
 F = Levels seen in this place.
 G = Mean time per level.
                   A        B        C        D        E       F      G
               +--------+--------+--------+--------+--------+-----+--------+
         Total |    934 |    923 |     11 |      0 |      0 |   4 |  233.5 |
       Dungeon |    934 |    923 |     11 |      0 |      0 |   4 |  233.5 |
               +--------+--------+--------+--------+--------+-----+--------+

Top non-repeatable levels by time:
     D:3: 304 daAuts
     D:2: 266 daAuts
     D:4: 194 daAuts
     D:1: 168 daAuts
